 Dungeon Crawl Stone Soup version 0.25.1-2-g60ff931df9 (webtiles) character file.

Game seed: 14043312410039960009

931 Exodus22XD the Poker (level 7, -5/52 HPs)
             Began as a Demonspawn Gladiator on Oct 31, 2020.
             Was a Believer of Uskayaw.
             Slain by a hell rat (13 damage)
             ... on level 5 of the Dungeon.
             The game lasted 00:05:16 (4755 turns).

Exodus22XD the Poker (Demonspawn Gladiator)         Turns: 4755, Time: 00:05:16

Health: -5/52      AC: 10    Str: 17    XL:     7   Next: 86%
Magic:  9/9        EV: 12    Int:  9    God:    Uskayaw [**....]
Gold:   280        SH:  5    Dex: 14    Spells: 6/6 levels left

rFire    . . .     SeeInvis .   x - +0 spear (flame)
rCold    . . .     Gourm    .   (no shield)
rNeg     . . .     Faith    .   g - +0 ring mail
rPois    .         Spirit   .   (helmet restricted)
rElec    .         Reflect  +   l - +0 cloak
rCorr    .         Harm     .   (no gloves)
MR       .....                  (no boots)
Stlth    +.........             p - amulet of reflection
HPRegen  0.17/turn              (no ring)
MPRegen  0.11/turn              (no ring)

@: drained
A: horns 2, iridescent scales 2, powered by death 1
a: Stomp, Line Pass, Renounce Religion


You were on level 5 of the Dungeon.
You worshipped Uskayaw.
Uskayaw was noncommittal.
You were not hungry.

You visited 2 branches of the dungeon, and saw 6 of its levels.

You collected 280 gold pieces.

Inventory:

Hand Weapons
 a - a +0 trident
 t - a +4 spear
 x - a +0 spear of flaming (weapon)
Missiles
 d - 7 throwing nets (quivered)
Armour
 g - a +0 ring mail (worn)
 l - a +0 cloak (worn)
Jewellery
 p - an amulet of reflection (around neck)
Wands
 r - a wand of disintegration (7)
Scrolls
 b - 2 scrolls of amnesia {unknown}
 c - a scroll of fog {unknown}
 e - 3 scrolls of remove curse
 h - 3 scrolls of enchant weapon {unknown}
 i - a scroll of fear {unknown}
 m - a scroll of immolation {unknown}
 s - 2 scrolls of identify {unknown}
 u - 2 scrolls of blinking {unknown}
 w - a scroll of teleportation {unknown}
Potions
 j - 3 potions of curing {unknown}
 k - a potion of invisibility {unknown}
 n - a potion of berserk rage {unknown}
 q - a potion of stabbing {unknown}
 v - a potion of ambrosia {unknown}
 z - 2 potions of haste {unknown}
Comestibles
 f - 12 rations
 o - 8 chunks of flesh


   Skills:
 + Level 3.3(2.7) Fighting
 + Level 5.8(5.1) Polearms
 + Level 1.9(1.3) Throwing
 + Level 3.2(2.6) Armour
 + Level 4.0(3.4) Dodging
 + Level 2.3(1.7) Stealth
 * Level 3.5(2.9) Invocations


You had 6 spell levels left.
You didn't know any spells.
Your spell library was empty.

Dungeon Overview and Level Annotations

Branches:
Dungeon (5/15)             Temple (1/1) D:4

Altars:
Ashenzari
Dithmenos
Kikubaaqudgha
Nemelex Xobeh
Okawaru
Qazlal
Ru
Uskayaw
Zin
The Shining One

Shops:
D:4 !


Innate Abilities, Weirdness & Mutations

You have a pair of horns on your head.
You are mostly covered in iridescent scales. (AC +4)
You regenerate a little health from kills.


Message History

The hell rat is lightly wounded.
There are monsters nearby!
You hit the hell rat. You burn the hell rat. Your headbutt misses the hell rat.
The hell rat is moderately wounded.
The hell rat bites you! The hell rat barely misses you.
You hit the hell rat. You burn the hell rat.
The hell rat is severely wounded.
The hell rat bites you! The hell rat barely misses you.
You can now pass through a line of other dancers.
You are too injured to fight recklessly!
You are too injured to fight recklessly!
You are too injured to fight recklessly!
Unknown command.
You barely miss the hell rat. The hell rat bites you.
You feel drained.
You hit the hell rat but do no damage. The hell rat bites you!
* * * LOW HITPOINT WARNING * * *
You feel drained.
* * * LOW HITPOINT WARNING * * *
You hit the hell rat but do no damage. The hell rat bites you!
You die...

........####.#...#.########......
#########...#.###.#..##..........
##.###### #####÷##.........
#.######. ...##.###.......
##..##... #r..[##..##......
########.##..#rr...####.#......
#....##.##...rrr.# ##÷###'####
#....#.##.#.#r#######.#.#.....#
#....##.##...#@..##÷.####.....#
#....##..###.÷÷....### #.....#
#.....#..########### #.....#
#.....###.# #.....# #.........#+
#+######'## #...............
............ #...............
...)......... #...............
............. #...............
.............


You could see a hell rat and a rat.

Vanquished Creatures
  2 ice beasts (D:5)
  A centaur (D:5)
  A howler monkey (D:5)
  3 vampire bats (D:2)
  A crimson imp (D:5)
  An orc priest (D:4)
  2 orc wizards (D:4)
  3 worker ants
  11 gnolls
  6 adders
  3 river rats (D:5)
  2 oozes
  An adder skeleton (D:4)
  A worm (D:4)
  3 dart slugs
  3 leopard geckos
  10 orcs (D:4)
  2 bat skeletons (D:2)
  4 bat zombies (D:2)
  3 giant cockroaches
  11 goblins
  5 hobgoblins
  9 jackals
  6 kobolds
  3 quokkas
  2 ball pythons
  2 bats
  8 frilled lizards
  A quokka zombie (D:5)
  13 rats
  A fungus (D:4)
124 creatures vanquished.

Vanquished Creatures (others)
  4 toadstools (D:4)
4 creatures vanquished.

Grand Total: 128 creatures vanquished

Notes
Turn   | Place    | Note
-------+----------+-------------------------------------------
     0 | D:1      | Exodus22XD the Demonspawn Gladiator began the quest for the
                  | Orb.
     0 | D:1      | Reached XP level 1. HP: 16/16 MP: 1/1
   263 | D:1      | Reached skill level 3 in Polearms
   266 | D:1      | Gained mutation: You are partially covered in iridescent
                  | scales. (AC +2) [demonic ancestry]
   266 | D:1      | Reached XP level 2. HP: 15/22 MP: 2/2
  1156 | D:2      | Gained mutation: You have a pair of small horns on your
                  | head. [demonic ancestry]
  1156 | D:2      | Reached XP level 3. HP: 18/27 MP: 3/3
  1164 | D:2      | Reached skill level 1 in Armour
  1397 | D:2      | Gained mutation: You have a pair of horns on your head.
                  | [demonic ancestry]
  1397 | D:2      | Reached XP level 4. HP: 34/34 MP: 4/4
  1524 | D:2      | Found a glowing silver altar of Zin.
  1595 | D:2      | Found a stormy altar of Qazlal.
  1641 | D:2      | Found an ancient bone altar of Kikubaaqudgha.
  1651 | D:2      | Reached skill level 4 in Polearms
  1652 | D:2      | Gained mutation: You are mostly covered in iridescent
                  | scales. (AC +4) [demonic ancestry]
  1652 | D:2      | Reached XP level 5. HP: 34/39 MP: 5/5
  2198 | D:3      | Found a glowing golden altar of the Shining One.
  2250 | D:3      | Found a sparkling altar of Nemelex Xobeh.
  2441 | D:3      | Found an iron altar of Okawaru.
  2768 | D:4      | Found Urapt's Distillery.
  2779 | D:4      | Gained mutation: You regenerate a little health from kills.
                  | [demonic ancestry]
  2779 | D:4      | Reached XP level 6. HP: 40/46 MP: 6/6
  2950 | D:4      | Identified the +7 war axe "Roan" {vorpal, rN+ MR- Int+5}
  2969 | D:4      | Reached skill level 1 in Stealth
  3204 | D:4      | Found a staircase to the Ecumenical Temple.
  3225 | Temple   | Entered the Ecumenical Temple
  3372 | Temple   | Became a worshipper of Uskayaw the Reveler
  3396 | D:4      | Reached * piety under Uskayaw
  3469 | D:4      | Reached ** piety under Uskayaw
  3477 | D:4      | Reached *** piety under Uskayaw
  3485 | D:4      | Reached skill level 5 in Polearms
  3485 | D:4      | Reached **** piety under Uskayaw
  3487 | D:4      | Reached skill level 1 in Invocations
  3492 | D:4      | Reached ***** piety under Uskayaw
  3879 | D:5      | Entered Level 5 of the Dungeon
  3880 | D:5      | Noticed an ice beast
  3893 | D:5      | Killed an ice beast
  3893 | D:5      | Reached XP level 7. HP: 52/52 MP: 8/8
  4749 | D:5      | Found the +2 ratskin cloak {+Rats rPois rN+ Str-1 Int-1
                  | Dex+1}
  4755 | D:5      | Slain by a hell rat

Illustrated notes

Levels and vault maps discovered:
D:1:      elethiomel_arrival_maze, layout_basic
D:2:      layout_loops_ring, nicolae_overflow_crystal_walls,
          nicolae_overflow_hidden_temple, kennysheep_vampire_church,
          first_ration, kennysheep_nondescript
D:3:      layout_loops_ring, lemuel_crystal_altar,
          nemelex_xobeh_ov_fountains_minmay, okawaru_metal_pillars_1_2
D:4:      layout_rooms, minmay_temple_entry_nine_rooms, serial_shops, shop,
          minmay_gold_behind_fungi
D:5:      wander_guarded_unrand_ratskin, layout_gridville
Temple:   nicolae_temple_hex_pool

Skill      XL: |  1  2  3  4  5  6  7 |
---------------+----------------------+-----
Polearms       | 3 4 5 |  5.8
Armour         | 1 2 3 |  3.2
Dodging        | 3 4 |  4.0
Fighting       | 3 |  3.3
Stealth        | 1 2 |  2.3
Invocations    | 2 3 |  3.5
Throwing       | |  1.9

Action                   |  1- 3 |  4- 6 |  7- 9 || total
-------------------------+-------+-------+-------++-------
Melee: Trident           |    81 |   216 |       ||   297
       Headbutt          |     2 |    37 |    13 ||    52
       Spear             |       |    27 |   113 ||   140
  Use: Scroll            |       |     1 |       ||     1
 Stab: Sleeping          |     2 |     1 |     2 ||     5
       Paralysed         |       |     4 |       ||     4
  Eat: Chunk             |     1 |     9 |     3 ||    13
Armor: Leather armour    |    14 |       |       ||    14
       Ring mail         |     7 |   108 |    24 ||   139
Dodge: Dodged            |    47 |   161 |    55 ||   263
Block: Other             |       |     2 |    23 ||    25
       Reflection        |       |       |     3 ||     3
